[Event "45th FIDE Womens Olympiad 2024"]
[Site "Budapest"]
[Date "2024.09.12"]
[Round "2.96"]
[White "Sedina, Elena"]
[Black "Oviedo Acosta, Paula"]
[Result "1-0"]
[ECO "B27"]
[WhiteElo "2196"]
[BlackElo "1790"]
[Annotator "ChessBase"]
[PlyCount "71"]
[EventDate "2024.09.05"]
[EventType "team-tourn"]
[EventCountry "HUN"]
[SourceTitle "playchess.com"]
[Source "ChessBase"]
[SourceQuality "1"]
[WhiteTeam "Italy"]
[BlackTeam "Paraguay"]
[WhiteTeamCountry "ITA"]
[BlackTeamCountry "PAR"]
[TimeControl "40/5400+30:1800+30"]

1. e4 c5 2. Nf3 a6 3. c3 g6 4. d4 cxd4 5. cxd4 d5 6. exd5 Nf6 7. Nc3 Bg7 8. Qb3 Nbd7 9. a4 Nb6 10. Bg5 Nfxd5 11. a5 Nxc3 12. bxc3 Nd7 13. Bc4 O-O 14. O-O h6 15. Bh4 g5 16. Bg3 b5 17. Bd5 Ra7 18. Rfe1 Nf6 19. Bc6 Bd7 20. Ne5 Be6 21. Qa3 Bd5 22. Bxd5 Qxd5 23. Nd3 Ne4 24. Nb4 Qa8 25. Be5 Bxe5 26. dxe5 Rc8 27. Re3 Rac7 28. Rc1 Rc4 29. Qb2 Rd8 30. Nd3 Qc8 31. e6 Rxc3 32. exf7+ Kf8 33. Rce1 Nf6 34. Qe2 Rcxd3 35. Rxd3 Rxd3 36. Qxe7+ 1-0

[Event "45th FIDE Womens Olympiad 2024"]
[Site "Budapest"]
[Date "2024.09.12"]
[Round "2.97"]
[White "Efroimski, Marsel"]
[Black "Shuqja, Klean"]
[Result "1-0"]
[ECO "B01"]
[WhiteElo "2408"]
[BlackElo "2042"]
[Annotator "TA"]
[PlyCount "53"]
[EventDate "2024.09.05"]
[EventType "team-tourn"]
[EventCountry "HUN"]
[SourceTitle "playchess.com"]
[Source "ChessBase"]
[SourceQuality "1"]
[WhiteTeam "Israel"]
[BlackTeam "Albania"]
[WhiteTeamCountry "ISR"]
[BlackTeamCountry "ALB"]
[TimeControl "40/5400+30:1800+30"]

1. e4 d5 2. exd5 Qxd5 3. Nc3 Qd6 4. d4 Nf6 5. Nf3 g6 6. h3 Bg7 7. Be3 O-O 8. Qd2 {White is slightly better.} c6 9. Bh6 (9. Bd3 $14) 9... Be6 10. Be2 Nbd7 11. Bf4 Qb4 12. O-O Rfc8 13. Rfe1 a5 14. Ng5 $36 {[%mdl 2048] Keeping Black busy.} Nf8 {[#]} 15. a3 $1 Qb6 (15... Qxb2 $2 {loses.} 16. Reb1 $18) 16. Na4 Qa7 {[#]} 17. c4 {Inhibits Nd5.} (17. Nc5 $1 $16) 17... b6 (17... b5 $14 18. cxb5 cxb5) 18. Bf1 {White has more active pieces.} Rd8 19. Nf3 (19. Be3 {with more complications.} b5 20. d5 Qb8 21. Qc1) 19... N8d7 (19... b5 $14) 20. Nc3 Nc5 21. Qe3 Nb3 22. Rad1 {Ne5 would now be deadly.} Bf5 (22... b5 $16 {was called for.}) 23. Bd3 $2 (23. Qxe7 Bc2 24. Qxa7 Rxa7 $16) (23. Ne5 $18 {and White stays clearly on top.} Qb7 24. g4) 23... Bxd3 $16 24. Rxd3 {[%cal Of3e5] Hoping for Ne5!} e6 (24... Qa6 $16) 25. Bg5 {aiming for Bxf6.} Rdc8 $2 (25... a4 {keeps fighting.} 26. Ne5 Qc7) 26. Bxf6 $18 Bxf6 27. Ne4 {[%csl LRb3,LRf6] Weighted Error Value: White=0.22 (precise) /Black=0.43.  Missed win:     	White=1     	---        Mistake:       	White=2     	Black=5      Inaccurate:     	White=1     	Black=4      OK:         	White=8     	Black=5      Best:        	White=1     	Black=1      Strong:       	White=1     	---} 1-0

[Event "45th FIDE Womens Olympiad 2024"]
[Site "Budapest"]
[Date "2024.09.12"]
[Round "2.98"]
[White "Geske, Bruna"]
[Black "Orian, Noga"]
[Result "0-1"]
[ECO "B51"]
[WhiteElo "2023"]
[BlackElo "2187"]
[Annotator "ChessBase"]
[PlyCount "60"]
[EventDate "2024.09.05"]
[EventType "team-tourn"]
[EventCountry "HUN"]
[SourceTitle "playchess.com"]
[Source "ChessBase"]
[SourceQuality "1"]
[WhiteTeam "Albania"]
[BlackTeam "Israel"]
[WhiteTeamCountry "ALB"]
[BlackTeamCountry "ISR"]
[TimeControl "40/5400+30:1800+30"]

1. e4 c5 2. Nf3 Nc6 3. Bb5 d6 4. O-O Bd7 5. Re1 Nf6 6. h3 a6 7. Bf1 Ne5 8. Nc3 e6 9. a4 Be7 10. Nxe5 dxe5 11. a5 Bc6 12. d3 Qc7 13. Be3 O-O 14. Qc1 Nd7 15. Nb1 f5 16. f3 Bh4 17. Rd1 Rf7 18. exf5 exf5 19. Kh1 Kh8 20. Nd2 g5 21. Nb3 g4 22. Nxc5 Nxc5 23. Bxc5 gxf3 24. Kg1 fxg2 25. Be2 f4 26. Bh5 Qd7 27. Bg4 Qd5 28. Bf2 Bxf2+ 29. Kxf2 Qd4+ 30. Ke2 f3+ 0-1

[Event "45th FIDE Womens Olympiad 2024"]
[Site "Budapest"]
[Date "2024.09.12"]
[Round "2.99"]
[White "Levitan, Ronit"]
[Black "Caku, Kler"]
[Result "1-0"]
[ECO "C97"]
[WhiteElo "2137"]
[BlackElo "1859"]
[Annotator "NA"]
[PlyCount "121"]
[EventDate "2024.09.05"]
[EventType "team-tourn"]
[EventCountry "HUN"]
[SourceTitle "playchess.com"]
[Source "ChessBase"]
[SourceQuality "1"]
[WhiteTeam "Israel"]
[BlackTeam "Albania"]
[WhiteTeamCountry "ISR"]
[BlackTeamCountry "ALB"]
[TimeControl "40/5400+30:1800+30"]

1. e4 e5 2. Nf3 Nc6 3. Bb5 a6 4. Ba4 Nf6 5. O-O b5 6. Bb3 Be7 7. Re1 O-O 8. h3 d6 9. c3 Na5 10. Bc2 c5 11. d4 Qc7 12. d5 Bd7 13. b3 c4 14. b4 Nb7 15. a4 a5 16. axb5 axb4 17. Rxa8 Rxa8 18. cxb4 Bxb5 19. Nc3 Be8 20. Be3 Nd7 21. Qe2 Nf8 22. Rc1 Ng6 23. Nd2 Rc8 24. g3 Bd7 25. Kg2 Nd8 26. Ra1 Rb8 27. Rb1 Rc8 28. h4 Bf6 29. h5 Nf4+ 30. gxf4 exf4 31. Bxf4 Bxc3 32. Qe3 Be5 33. h6 g6 34. Nf3 f6 35. Nxe5 dxe5 36. Bg3 Nf7 37. b5 Rb8 38. b6 Qd6 39. f3 Qf8 40. Bf2 Rb7 41. Bd1 Ng5 42. f4 Nh3 43. fxe5 fxe5 44. Bg3 Nf4+ 45. Bxf4 exf4 46. Qf3 Qxh6 47. Be2 Qg5+ 48. Kf2 Qh4+ 49. Kg2 h5 50. Bxc4 Bg4 51. d6+ Kh7 52. Qxf4 g5 53. Qg3 Bh3+ 54. Qxh3 Qxe4+ 55. Qf3 Qc2+ 56. Be2 Qc8 57. Qxh5+ Kg8 58. Qg6+ Rg7 59. Bc4+ Qxc4 60. Qe8+ Kh7 61. Rh1+ 1-0

[Event "45th FIDE Womens Olympiad 2024"]
[Site "Budapest"]
[Date "2024.09.12"]
[Round "2.100"]
[White "Shabanaj, Eglantina"]
[Black "Kochavi, Dana"]
[Result "0-1"]
[ECO "B13"]
[WhiteElo "1957"]
[BlackElo "2009"]
[Annotator "NA"]
[PlyCount "182"]
[EventDate "2024.09.05"]
[EventType "team-tourn"]
[EventCountry "HUN"]
[SourceTitle "playchess.com"]
[Source "ChessBase"]
[SourceQuality "1"]
[WhiteTeam "Albania"]
[BlackTeam "Israel"]
[WhiteTeamCountry "ALB"]
[BlackTeamCountry "ISR"]
[TimeControl "40/5400+30:1800+30"]

1. e4 c6 2. d4 d5 3. exd5 cxd5 4. Bd3 Nc6 5. c3 Qc7 6. h3 Nf6 7. Nf3 g6 8. Nbd2 Bf5 9. Qe2 Nh5 10. Nb3 Nf4 11. Bxf4 Qxf4 12. O-O Bg7 13. Nc5 Rb8 14. Bb5 O-O 15. Rfe1 Bf6 16. Qe3 Qd6 17. Bd3 Bc8 18. Bc2 Bg7 19. Rad1 Re8 20. Ne5 b6 21. Nxc6 Qxc6 22. Ba4 b5 23. Bb3 Bf5 24. Qf3 Rbd8 25. a4 a6 26. axb5 axb5 27. g4 Bc8 28. Nd3 Qd6 29. Re2 e6 30. Rde1 Ba6 31. Nb4 Bb7 32. Nd3 Rf8 33. Qe3 Ba6 34. Nb4 Kh8 35. f4 Bb7 36. Bc2 Rde8 37. Nd3 Ba6 38. b4 f6 39. h4 Bc8 40. Qg3 Re7 41. g5 Ref7 42. Rf2 Qc7 43. gxf6 Bxf6 44. Ne5 Rg7 45. Ref1 Qd8 46. Rh2 Bd7 47. Re1 Qc7 48. Kh1 Rc8 49. Re3 Qa7 50. Rhe2 Qa3 51. Ng4 Bxd4 52. cxd4 Qc1+ 53. Qe1 Qxe1+ 54. Rxe1 Rxc2 55. Ne5 Bc8 56. Ra1 Rgc7 57. Nd3 R7c3 58. Ra8 Kg7 59. Ra7+ Kg8 60. Ra8 Rd2 61. Rxe6 Rdxd3 62. Re8+ Kf7 63. Rexc8 Rxc8 64. Rxc8 Rxd4 65. h5 Rxf4 66. Rc7+ Kf6 67. Rxh7 Rh4+ 68. Kg2 gxh5 69. Kg3 Rxb4 70. Rxh5 Ke6 71. Kf3 Re4 72. Rh6+ Ke5 73. Rb6 b4 74. Kf2 Rc4 75. Ke3 d4+ 76. Kd3 Rc3+ 77. Kd2 b3 78. Rb5+ Ke4 79. Rb4 Kd5 80. Rb5+ Kc4 81. Rb8 Rc2+ 82. Kd1 d3 83. Rc8+ Kb4 84. Rb8+ Ka3 85. Rd8 Rc4 86. Rxd3 Ka2 87. Rd8 b2 88. Ra8+ Kb3 89. Rb8+ Kc3 90. Rb7 Rd4+ 91. Ke2 Rb4 0-1

[Event "45th FIDE Womens Olympiad 2024"]
[Site "Budapest"]
[Date "2024.09.12"]
[Round "2.101"]
[White "Varela La Madrid, Tilsia Carolina"]
[Black "Francisco Guecamburu, Candela Be"]
[Result "0-1"]
[ECO "B22"]
[WhiteElo "2017"]
[BlackElo "2294"]
[Annotator "ChessBase"]
[PlyCount "108"]
[EventDate "2024.09.05"]
[EventType "team-tourn"]
[EventCountry "HUN"]
[SourceTitle "playchess.com"]
[Source "ChessBase"]
[SourceQuality "1"]
[WhiteTeam "Venezuela"]
[BlackTeam "Argentina"]
[WhiteTeamCountry "VEN"]
[BlackTeamCountry "ARG"]
[TimeControl "40/5400+30:1800+30"]

1. e4 c5 2. c3 d5 3. exd5 Qxd5 4. Nf3 Nf6 5. d4 e6 6. Be3 cxd4 7. cxd4 Bb4+ 8. Nc3 Qa5 9. Bd2 O-O 10. Bd3 Nc6 11. O-O Rd8 12. a3 Bxc3 13. Bxc3 Qh5 14. Re1 Bd7 15. Bd2 Be8 16. Bf4 Qd5 17. Be5 Nxe5 18. Rxe5 Qd6 19. Qe2 Qb6 20. Re1 Bc6 21. b4 Bxf3 22. Qxf3 Qxd4 23. Bb1 Rac8 24. h3 b6 25. R5e3 Qb2 26. g4 Rc1 27. Be4 Rxe1+ 28. Rxe1 Qd2 29. Re2 Qd1+ 30. Kg2 h6 31. Bc2 Qd5 32. Re3 Rc8 33. Bb3 Qxf3+ 34. Kxf3 Kf8 35. h4 h5 36. gxh5 Nxh5 37. Kg4 Nf6+ 38. Kg5 Rc1 39. Kf4 Ke7 40. Kf3 Ne8 41. Rd3 Nd6 42. Bd1 Nc4 43. Ke2 Nb2 44. Rd2 Nxd1 45. Rxd1 Rxd1 46. Kxd1 Kd6 47. Kd2 b5 48. Ke3 Ke5 49. f4+ Kf5 50. Kf3 a6 51. Kg3 g6 52. Kf3 f6 53. Kg3 Ke4 54. Kg4 Kd4 0-1

[Event "45th FIDE Womens Olympiad 2024"]
[Site "Budapest"]
[Date "2024.09.12"]
[Round "2.102"]
[White "Campos, Maria Jose"]
[Black "Otazo Sanchez, Annyd Gabriela"]
[Result "1-0"]
[ECO "A14"]
[WhiteElo "2252"]
[BlackElo "1976"]
[Annotator "ChessBase"]
[PlyCount "89"]
[EventDate "2024.09.05"]
[EventType "team-tourn"]
[EventCountry "HUN"]
[SourceTitle "playchess.com"]
[Source "ChessBase"]
[SourceQuality "1"]
[WhiteTeam "Argentina"]
[BlackTeam "Venezuela"]
[WhiteTeamCountry "ARG"]
[BlackTeamCountry "VEN"]
[TimeControl "40/5400+30:1800+30"]

1. c4 Nf6 2. g3 e6 3. Bg2 d5 4. Nf3 Be7 5. O-O O-O 6. b3 c5 7. e3 d4 8. exd4 cxd4 9. Re1 d3 10. Ne5 Qd4 11. Nc3 Nbd7 12. Nf3 Qb6 13. Na4 Qc7 14. Bb2 Bd6 15. Rc1 Nc5 16. b4 Nxa4 17. Qxa4 a5 18. c5 Bd7 19. Qb3 Be7 20. a3 axb4 21. axb4 Bb5 22. Nd4 Qd7 23. Re5 Ng4 24. Re4 Ba4 25. Qxd3 e5 26. Qe2 f5 27. Nxf5 Qxf5 28. Rxg4 Bb5 29. Bd5+ Kh8 30. Bxe5 Bf6 31. Bxf6 Rxf6 32. Qxb5 Qxg4 33. Qc4 Qf5 34. Rf1 Rd8 35. Be4 Qd7 36. d3 Rdf8 37. b5 h5 38. c6 bxc6 39. bxc6 Qa7 40. Qd5 g6 41. Qe5 Kg8 42. d4 Qa3 43. c7 Qc3 44. Bb7 Rb6 45. Bd5+ 1-0

[Event "45th FIDE Womens Olympiad 2024"]
[Site "Budapest"]
[Date "2024.09.12"]
[Round "2.103"]
[White "Perez Hernandez, Vicmary C."]
[Black "Amura, Claudia"]
[Result "0-1"]
[ECO "B22"]
[WhiteElo "1960"]
[BlackElo "2191"]
[Annotator "ChessBase"]
[PlyCount "54"]
[EventDate "2024.09.05"]
[EventType "team-tourn"]
[EventCountry "HUN"]
[SourceTitle "playchess.com"]
[Source "ChessBase"]
[SourceQuality "1"]
[WhiteTeam "Venezuela"]
[BlackTeam "Argentina"]
[WhiteTeamCountry "VEN"]
[BlackTeamCountry "ARG"]
[TimeControl "40/5400+30:1800+30"]

1. e4 c5 2. Nf3 e6 3. c3 d5 4. exd5 Qxd5 5. d4 Nf6 6. Be3 cxd4 7. cxd4 Bb4+ 8. Nc3 Qa5 9. Rc1 Qxa2 10. Qc2 Nc6 11. Bd2 Bxc3 12. Bxc3 Qd5 13. Bd3 b6 14. Bd2 Bb7 15. O-O O-O 16. Be3 Nb4 17. Qd2 Nxd3 18. Qxd3 Rac8 19. Qe2 Qh5 20. Kh1 Bxf3 21. gxf3 Nd5 22. Rg1 Qf5 23. Ra1 Rc2 24. Qd1 Nxe3 25. fxe3 Rfc8 26. Rxa7 h6 27. Qf1 Rc1 0-1

[Event "45th FIDE Womens Olympiad 2024"]
[Site "Budapest"]
[Date "2024.09.12"]
[Round "2.104"]
[White "Sarquis, Maria Belen"]
[Black "Pena Gonzalez, Clara Isabel"]
[Result "1-0"]
[ECO "B42"]
[WhiteElo "2172"]
[BlackElo "1895"]
[Annotator "ChessBase"]
[PlyCount "91"]
[EventDate "2024.09.05"]
[EventType "team-tourn"]
[EventCountry "HUN"]
[SourceTitle "playchess.com"]
[Source "ChessBase"]
[SourceQuality "1"]
[WhiteTeam "Argentina"]
[BlackTeam "Venezuela"]
[WhiteTeamCountry "ARG"]
[BlackTeamCountry "VEN"]
[TimeControl "40/5400+30:1800+30"]

1. e4 c5 2. Nf3 e6 3. d4 cxd4 4. Nxd4 a6 5. Bd3 Bc5 6. Nb3 Ba7 7. O-O Nc6 8. c4 Nf6 9. Qe2 d6 10. Nc3 O-O 11. Be3 Nd7 12. Rfd1 Qc7 13. Rac1 Nce5 14. Bxa7 Rxa7 15. Qe3 Ra8 16. Qd4 Nxd3 17. Rxd3 Ne5 18. Rg3 Ng6 19. Na4 e5 20. Qb6 Qe7 21. Rd1 Nf4 22. Nc3 Be6 23. Na5 Rac8 24. b3 Rc7 25. Rxd6 h5 26. Re3 Qg5 27. Rg3 Qe7 28. Re3 Qg5 29. Rg3 Qe7 30. Re3 Qg5 31. g3 Nh3+ 32. Kf1 Qf6 33. Red3 h4 34. Nd5 Qg5 35. Nxc7 Bg4 36. Qe3 Qh5 37. Rd8 Rxd8 38. Rxd8+ Kh7 39. Ke1 Ng1 40. Kd2 Nf3+ 41. Kc3 hxg3 42. hxg3 Qh1 43. Kb2 Nd4 44. Rxd4 exd4 45. Qxd4 Qe1 46. Nxb7 1-0

[Event "45th FIDE Womens Olympiad 2024"]
[Site "Budapest"]
[Date "2024.09.12"]
[Round "2.105"]
[White "Ouellet, Maili-Jade"]
[Black "Gomez Barrera, Javiera Belen"]
[Result "1-0"]
[ECO "E51"]
[WhiteElo "2318"]
[BlackElo "2123"]
[Annotator "ChessBase"]
[PlyCount "75"]
[EventDate "2024.09.05"]
[EventType "team-tourn"]
[EventCountry "HUN"]
[SourceTitle "playchess.com"]
[Source "ChessBase"]
[SourceQuality "1"]
[WhiteTeam "Canada"]
[BlackTeam "Chile"]
[WhiteTeamCountry "CAN"]
[BlackTeamCountry "CHI"]
[TimeControl "40/5400+30:1800+30"]

1. d4 d5 2. c4 e6 3. Nc3 Nf6 4. Nf3 Bb4 5. e3 O-O 6. Bd2 Be7 7. cxd5 exd5 8. Bd3 c6 9. O-O Nbd7 10. Qc2 h6 11. Rab1 Bd6 12. b4 Re8 13. Rfe1 Nf8 14. h3 Ne6 15. Ne5 Ng5 16. f4 Nge4 17. b5 Nxd2 18. Qxd2 c5 19. Rbc1 c4 20. Bb1 Ba3 21. Rcd1 Bb4 22. a3 Bxa3 23. Na2 a6 24. bxa6 Rxa6 25. e4 Nxe4 26. Bxe4 dxe4 27. Nxc4 Bf8 28. d5 Bc5+ 29. Kh1 b5 30. Ne5 Qa5 31. Nc3 e3 32. Qc2 b4 33. Ne4 Bb6 34. Nd6 Rf8 35. Nxc8 b3 36. Ne7+ Kh8 37. Qxb3 Qc5 38. d6 1-0

[Event "45th FIDE Womens Olympiad 2024"]
[Site "Budapest"]
[Date "2024.09.12"]
[Round "2.106"]
[White "Abarca Gonzalez, Damaris"]
[Black "Pham, Bich Ngoc"]
[Result "1/2-1/2"]
[ECO "B26"]
[WhiteElo "1991"]
[BlackElo "2199"]
[Annotator "ChessBase"]
[PlyCount "85"]
[EventDate "2024.09.05"]
[EventType "team-tourn"]
[EventCountry "HUN"]
[SourceTitle "playchess.com"]
[Source "ChessBase"]
[SourceQuality "1"]
[WhiteTeam "Chile"]
[BlackTeam "Canada"]
[WhiteTeamCountry "CHI"]
[BlackTeamCountry "CAN"]
[TimeControl "40/5400+30:1800+30"]

1. e4 c5 2. Nc3 d6 3. g3 Nc6 4. Bg2 g6 5. d3 Bg7 6. Be3 e5 7. Qd2 Nge7 8. Bh6 Bxh6 9. Qxh6 Nd4 10. Qd2 h5 11. h4 Bg4 12. Nd1 d5 13. c3 Ndc6 14. Ne3 Be6 15. Nf3 f6 16. exd5 Nxd5 17. O-O Qd7 18. Nxd5 Bxd5 19. Qe3 Qe7 20. a3 O-O 21. b4 b6 22. b5 Na5 23. c4 Bb7 24. Rab1 Rad8 25. Ne1 Rfe8 26. Bxb7 Qxb7 27. Qh6 Qg7 28. Qxg7+ Kxg7 29. f3 f5 30. Rb2 Rd4 31. Re2 Kf6 32. Kg2 Re6 33. Rb2 Ke7 34. Rbf2 Kd6 35. Kh3 Nb3 36. Rc2 Kc7 37. Rc3 Na5 38. Nc2 Rd7 39. Ne3 Rd4 40. Nc2 Rd7 41. Ne3 Rd4 42. Nd5+ Kd6 43. Re1 1/2-1/2

[Event "45th FIDE Womens Olympiad 2024"]
[Site "Budapest"]
[Date "2024.09.12"]
[Round "2.107"]
[White "Demchenko, Svitlana"]
[Black "Jorquera Cabello, Valentina"]
[Result "0-1"]
[ECO "E71"]
[WhiteElo "2167"]
[BlackElo "1919"]
[Annotator "ChessBase"]
[PlyCount "140"]
[EventDate "2024.09.05"]
[EventType "team-tourn"]
[EventCountry "HUN"]
[SourceTitle "playchess.com"]
[Source "ChessBase"]
[SourceQuality "1"]
[WhiteTeam "Canada"]
[BlackTeam "Chile"]
[WhiteTeamCountry "CAN"]
[BlackTeamCountry "CHI"]
[TimeControl "40/5400+30:1800+30"]

1. d4 Nf6 2. c4 g6 3. Nc3 Bg7 4. e4 d6 5. h3 O-O 6. Be3 e5 7. d5 a5 8. Nge2 Na6 9. g4 Nc5 10. f3 Bd7 11. Qd2 Ne8 12. h4 f5 13. gxf5 gxf5 14. Bg5 Qc8 15. h5 Kh8 16. O-O-O f4 17. Bh4 a4 18. Kb1 Bf6 19. Bf2 b6 20. Ng1 Qa6 21. Nb5 Qa5 22. Qxa5 Rxa5 23. Be1 Ra8 24. Bh3 Bxb5 25. cxb5 Bd8 26. Bf5 Ng7 27. Bg4 Ne8 28. Ne2 Nf6 29. Bf5 Nfd7 30. Bc3 Bg5 31. Rdg1 h6 32. Rg2 Rxf5 33. exf5 Nf6 34. Rd1 Kh7 35. Rh2 Rf8 36. Bb4 Nfd7 37. Nc3 Rxf5 38. Bxc5 Nxc5 39. Ne4 Nxe4 40. fxe4 Rf7 41. Rf1 Rg7 42. Rh3 Kg8 43. Ra3 Kf7 44. Rxa4 Bh4 45. Rc4 Kf6 46. Rc3 Bg3 47. a4 Kg5 48. b4 Kxh5 49. a5 Kg4 50. a6 h5 51. a7 Rg8 52. Rxc7 Ra8 53. Kc2 Kh3 54. Ra1 f3 55. Kd3 Kg2 56. Rb7 f2 57. Ke2 h4 58. Rxb6 Rxa7 59. Rba6 Rb7 60. Rxd6 Rxb5 61. Rf6 Rxb4 62. Ke3 Rb3+ 63. Ke2 Rb4 64. Ke3 Bf4+ 65. Rxf4 exf4+ 66. Kd3 f1=Q+ 67. Rxf1 Kxf1 68. d6 h3 69. d7 Rb8 70. e5 h2 0-1

[Event "45th FIDE Womens Olympiad 2024"]
[Site "Budapest"]
[Date "2024.09.12"]
[Round "2.108"]
[White "Morales Flores, Monserrat"]
[Black "Golubeva, Oksana"]
[Result "0-1"]
[ECO "C07"]
[WhiteElo "1938"]
[BlackElo "2119"]
[Annotator "NA"]
[PlyCount "66"]
[EventDate "2024.09.05"]
[EventType "team-tourn"]
[EventCountry "HUN"]
[SourceTitle "playchess.com"]
[Source "ChessBase"]
[SourceQuality "1"]
[WhiteTeam "Chile"]
[BlackTeam "Canada"]
[WhiteTeamCountry "CHI"]
[BlackTeamCountry "CAN"]
[TimeControl "40/5400+30:1800+30"]

1. e4 e6 2. d4 d5 3. Nd2 c5 4. Ngf3 cxd4 5. Nxd4 Nf6 6. e5 Nfd7 7. N2f3 Nc6 8. Nxc6 bxc6 9. c3 a5 10. Be2 Ba6 11. O-O Be7 12. Bxa6 Rxa6 13. Qe2 Rb6 14. c4 Qb8 15. cxd5 cxd5 16. b3 O-O 17. Bd2 Bb4 18. Be3 Rb7 19. Bd4 Ba3 20. Rad1 Rc8 21. Rd3 Rbc7 22. Ng5 h6 23. Nh3 Rc1 24. Rdd1 R1c2 25. Qe3 Rxa2 26. Nf4 Rac2 27. Qg3 Nf8 28. Nh5 Ng6 29. f4 Rc1 30. Rxc1 Rxc1 31. Be3 Rxf1+ 32. Kxf1 Qxb3 33. h4 Qd1+ 0-1

[Event "45th FIDE Womens Olympiad 2024"]
[Site "Budapest"]
[Date "2024.09.12"]
[Round "2.109"]
[White "Lindiawati, Evi"]
[Black "Unuk, Laura"]
[Result "1/2-1/2"]
[ECO "C68"]
[WhiteElo "1940"]
[BlackElo "2316"]
[Annotator "ChessBase"]
[PlyCount "98"]
[EventDate "2024.09.05"]
[EventType "team-tourn"]
[EventCountry "HUN"]
[SourceTitle "playchess.com"]
[Source "ChessBase"]
[SourceQuality "1"]
[WhiteTeam "Indonesia"]
[BlackTeam "Slovenia"]
[WhiteTeamCountry "INA"]
[BlackTeamCountry "SLO"]
[TimeControl "40/5400+30:1800+30"]

1. e4 e5 2. Nf3 Nc6 3. Bb5 a6 4. Bxc6 dxc6 5. d4 exd4 6. Qxd4 Qxd4 7. Nxd4 c5 8. Ne2 Bd7 9. Nbc3 O-O-O 10. Be3 Bd6 11. O-O-O f5 12. exf5 Bxf5 13. Ng3 Bg6 14. Nge4 Nf6 15. Nxd6+ Rxd6 16. Bxc5 Rc6 17. Bd4 b5 18. Bxf6 Rxf6 19. f3 Re8 20. Rhe1 Rfe6 21. Rxe6 Rxe6 22. b3 c6 23. Rd2 Re1+ 24. Kb2 a5 25. Re2 Rg1 26. a4 b4 27. Ne4 Bxe4 28. fxe4 Kd7 29. c3 c5 30. Kc2 Kd6 31. Kd3 Rc1 32. cxb4 cxb4 33. Rc2 Rb1 34. Kc4 Ke5 35. Re2 h5 36. g3 g5 37. Kb5 Rxb3 38. Kxa5 Rb1 39. Kb5 b3 40. Kc4 h4 41. gxh4 gxh4 42. Kc3 h3 43. Re3 b2 44. Rxh3 Ra1 45. Kxb2 Rxa4 46. Rh5+ Ke6 47. Kc3 Rxe4 48. Kd3 Re5 49. Rxe5+ Kxe5 1/2-1/2

[Event "45th FIDE Womens Olympiad 2024"]
[Site "Budapest"]
[Date "2024.09.12"]
[Round "2.110"]
[White "Urh, Zala"]
[Black "Nugroho, Angel Ruth"]
[Result "1-0"]
[ECO "E05"]
[WhiteElo "2251"]
[BlackElo "1939"]
[Annotator "ChessBase"]
[PlyCount "151"]
[EventDate "2024.09.05"]
[EventType "team-tourn"]
[EventCountry "HUN"]
[SourceTitle "playchess.com"]
[Source "ChessBase"]
[SourceQuality "1"]
[WhiteTeam "Slovenia"]
[BlackTeam "Indonesia"]
[WhiteTeamCountry "SLO"]
[BlackTeamCountry "INA"]
[TimeControl "40/5400+30:1800+30"]

1. d4 d5 2. c4 e6 3. Nf3 Nf6 4. g3 Be7 5. Bg2 O-O 6. O-O dxc4 7. Qc2 a6 8. a4 Bd7 9. Qxc4 Bc6 10. Bg5 Bd5 11. Qc2 Be4 12. Qd1 h6 13. Bxf6 Bxf6 14. Nc3 Bxf3 15. Bxf3 c6 16. Qb3 Qc7 17. Rfd1 Rd8 18. Ne4 Nd7 19. a5 Rab8 20. h4 Be7 21. h5 Nf6 22. Nxf6+ Bxf6 23. e3 Rd7 24. Be4 Qd6 25. f4 Be7 26. Rdc1 Qb4 27. Qxb4 Bxb4 28. Rc4 Bd6 29. Kf2 f6 30. Kf3 e5 31. d5 c5 32. Bf5 Rc7 33. Be6+ Kf8 34. Ke4 Ke7 35. Kf5 Rf8 36. Ra3 Rb8 37. Rb3 b5 38. axb6 Rcb7 39. Ra4 Rxb6 40. Rba3 Ra8 41. Ra2 Kd8 42. Kg6 Bf8 43. fxe5 fxe5 44. Re4 Ra7 45. Rxe5 Be7 46. Rf5 Bf6 47. Rf2 Ke7 48. e4 Kd6 49. Rxf6 gxf6 50. Kxf6 c4 51. e5+ Kc5 52. d6 a5 53. Ra4 Rb4 54. Rxb4 axb4 55. d7 Ra8 56. Ke7 Kd4 57. Bxc4 Kxc4 58. d8=Q Rxd8 59. Kxd8 Kd5 60. Kd7 Kxe5 61. Kc6 Kf5 62. Kb5 b3 63. Kc4 Kg4 64. Kxb3 Kxh5 65. Kc3 Kg4 66. b4 h5 67. b5 Kxg3 68. b6 h4 69. b7 h3 70. b8=Q+ Kg2 71. Qb2+ Kg1 72. Qc1+ Kg2 73. Qd2+ Kg1 74. Qd1+ Kg2 75. Qg4+ Kh2 76. Kd3 1-0

[Event "45th FIDE Womens Olympiad 2024"]
[Site "Budapest"]
[Date "2024.09.12"]
[Round "2.111"]
[White "Yuliana, Evi"]
[Black "Vidic, Teja"]
[Result "1/2-1/2"]
[ECO "D24"]
[WhiteElo "1912"]
[BlackElo "2128"]
[Annotator "NA"]
[PlyCount "90"]
[EventDate "2024.09.05"]
[EventType "team-tourn"]
[EventCountry "HUN"]
[SourceTitle "playchess.com"]
[Source "ChessBase"]
[SourceQuality "1"]
[WhiteTeam "Indonesia"]
[BlackTeam "Slovenia"]
[WhiteTeamCountry "INA"]
[BlackTeamCountry "SLO"]
[TimeControl "40/5400+30:1800+30"]

1. d4 d5 2. c4 e6 3. Nf3 a6 4. Nc3 dxc4 5. a4 Nc6 6. e3 Nf6 7. Bxc4 Bb4 8. O-O O-O 9. Qe2 Qe7 10. Rd1 e5 11. Nd5 Nxd5 12. Bxd5 e4 13. Nd2 Bf5 14. Bxc6 bxc6 15. Nc4 Qg5 16. Ne5 Bd6 17. f4 exf3 18. Qxf3 Bxe5 19. dxe5 Qg6 20. Rd4 Rad8 21. Bd2 c5 22. Rxd8 Rxd8 23. Ba5 Be4 24. Qf2 Rd7 25. Bc3 h5 26. h3 Rd3 27. Re1 h4 28. Kh2 Bc6 29. a5 Qe4 30. Re2 Rd1 31. Rd2 Rxd2 32. Qxd2 Bd5 33. Qf2 g5 34. Qe2 Kf8 35. Kg1 Ke7 36. Kh2 Bc6 37. Qf2 Ke8 38. Qe2 Kd8 39. Kg1 Bd5 40. Kh2 Bc6 41. Kg1 Bd7 42. Kf2 Bc6 43. Kg1 Bd5 44. Kh2 Bc6 45. Kg1 Bd5 1/2-1/2

[Event "45th FIDE Womens Olympiad 2024"]
[Site "Budapest"]
[Date "2024.09.12"]
[Round "2.112"]
[White "Mihelic, Vesna"]
[Black "Adeline, Clementia"]
[Result "1/2-1/2"]
[ECO "B52"]
[WhiteElo "2069"]
[BlackElo "1550"]
[Annotator "NA"]
[PlyCount "80"]
[EventDate "2024.09.05"]
[EventType "team-tourn"]
[EventCountry "HUN"]
[SourceTitle "playchess.com"]
[Source "ChessBase"]
[SourceQuality "1"]
[WhiteTeam "Slovenia"]
[BlackTeam "Indonesia"]
[WhiteTeamCountry "SLO"]
[BlackTeamCountry "INA"]
[TimeControl "40/5400+30:1800+30"]

1. e4 c5 2. Nf3 d6 3. Bb5+ Bd7 4. Bxd7+ Qxd7 5. c4 Nc6 6. Nc3 g6 7. b3 Bg7 8. Bb2 e6 9. O-O Nge7 10. d3 O-O 11. Qd2 d5 12. exd5 exd5 13. Rad1 b6 14. Rfe1 Rad8 15. Qf4 Qf5 16. Qxf5 Nxf5 17. g4 Nfd4 18. Nxd4 Nxd4 19. Kg2 Ne6 20. Kg3 dxc4 21. dxc4 Rxd1 22. Nxd1 Bxb2 23. Nxb2 Rd8 24. Rd1 Rxd1 25. Nxd1 Nd4 26. Kf4 f6 27. Nc3 Kf7 28. h4 h6 29. h5 gxh5 30. gxh5 Ke6 31. Nd5 Kf7 32. Ke4 Ke6 33. Nf4+ Kd6 34. Nd5 Ke6 35. Nf4+ Kd6 36. Nd5 Ke6 37. Nc7+ Kd7 38. Nd5 Ke6 39. Nf4+ Kd6 40. Nd5 Ke6 1/2-1/2